 Dungeon Crawl Stone Soup version 0.29-a0-222-g5b244fca1f (webtiles) character file.

Game seed: 14945787147714519079

62 n8rtot the Skirmisher (level 4, 0/49 HPs)
             Began as an Ogre Berserker on Feb 28, 2022.
             Was a Believer of Trog.
             Slain by an adder (3 damage)
             ... on level 2 of the Dungeon.
             The game lasted 00:07:52 (2162 turns).

n8rtot the Skirmisher (Ogre Berserker)              Turns: 2162, Time: 00:07:52

Health: 0/49       AC:  3    Str: 23    XL:     4   Next: 8%
Magic:  4/4        EV: 10    Int:  8    God:    Trog [**....]
Gold:   72         SH:  0    Dex:  8    Spells: 3/3 levels left

rFire   . . .      SeeInvis .   a - +0 hand axe
rCold   . . .      Faith    .   (no shield)
rNeg    . . .      Spirit   .   b - +0 animal skin
rPois   .          Reflect  .   (helmet restricted)
rElec   .          Harm     .   (no cloak)
rCorr   .          Rampage  .   (gloves unavailable)
Will    .....                   (boots unavailable)
Stlth   +.........              (no amulet)
HPRegen 0.16/turn               (no ring)
MPRegen 0.09/turn               (no ring)

@: no status effects
A: large, unfitting armour, tough skin 1
a: Renounce Religion, Berserk, Trog's Hand


You were on level 2 of the Dungeon.
You worshipped Trog.
Trog was pleased with you.
You visited 1 branch of the dungeon, and saw 2 of its levels.

You collected 72 gold pieces.

Inventory:

Hand Weapons
 a - a +0 hand axe (weapon)
Missiles
 c - 51 stones (quivered)
Armour
 b - a +0 animal skin (worn)
Wands
 j - a wand of mindburst (12)
Scrolls
 d - a scroll of teleportation {unknown}
 e - a scroll of vulnerability {unknown}
 f - a scroll of identify
 g - a scroll of brand weapon {unknown}
 i - a scroll of amnesia {unknown}
Potions
 h - a potion of lignification
 k - a potion of attraction {unknown}


   Skills:
 + Level 4.8 Fighting
 + Level 3.8 Axes
 + Level 3.2 Dodging
 + Level 0.1 Stealth


You had 3 spell levels left.
You didn't know any spells.
Your spell library contained the following spells:

 Spells                   Type           Power      Damage    Failure   Level
 Shock                    Conj/Air       0%         1d3       41%         1
 Swiftness                Air            0%         N/A       78%         3
 Airstrike                Air            0%         N/A       99%         4


Dungeon Overview and Level Annotations

Branches:
Dungeon (2/15)

Altars:


Innate Abilities, Weirdness & Mutations

You are too large for most types of armour.
You have tough skin. (AC +1)


Message History

You feel sick. The adder bites you but does no damage.
You feel sick.
You feel sick. The adder completely misses you.
You feel sick.
You feel sick.
You are no longer poisoned.
The adder closely misses you. The adder bites you but does no damage.
The adder bites you.
* * * LOW HITPOINT WARNING * * *
You barely miss the adder.
The adder is moderately wounded.
The adder closely misses you.
You miss the adder.
The adder is moderately wounded.
The adder closely misses you.
You miss the adder.
The adder is moderately wounded.
The adder closely misses you. The adder bites you.
* * * LOW HITPOINT WARNING * * *
You barely miss the adder.
The adder is moderately wounded.
The adder closely misses you.
You hit the adder.
The adder is severely wounded.
The adder closely misses you. The adder barely misses you.
You closely miss the adder.
The adder is severely wounded.
The adder barely misses you.
You closely miss the adder.
The adder is severely wounded.
The adder bites you but does no damage. The adder closely misses you.
You hit the adder.
The adder is almost dead.
The adder bites you.
* * * LOW HITPOINT WARNING * * *
You miss the adder.
The adder is almost dead.
The adder bites you.
You die...

########.......###### #.
#......#.#.##......###.
#......#...##......#...
####......#.####......#.#.
#.........#.#........['...
#.........#.#.###.....#.#.
#.........#.#.###.....#.#.
####........#.#.'.....#.#.
#.....@....#.#.....#.##
####+#S..###.......#...
##.......#.#.....#..#
#........#÷##.####..
#........'.<#.# ....
#....÷...####.#.##.#
#........# .# ..
#######........# ###
#.......##.....#


You could see an adder.

Vanquished Creatures
  3 adders (D:2)
  A dart slug (D:2)
  5 endoplasms
  2 giant cockroaches (D:2)
  4 goblins
  5 hobgoblins
  A quokka (D:2)
  5 ball pythons (D:1)
  2 bats (D:2)
  A kobold (D:1)
  A rat (D:2)
30 creatures vanquished.

Notes
Turn   | Place    | Note
-------+----------+-------------------------------------------
     0 | D:1      | n8rtot the Ogre Berserker began the quest for the Orb.
     0 | D:1      | Reached XP level 1. HP: 24/24 MP: 1/1
   330 | D:1      | Reached XP level 2. HP: 31/32 MP: 2/2
   750 | D:1      | Reached ** piety under Trog
  1066 | D:2      | Reached XP level 3. HP: 39/40 MP: 3/3
  1905 | D:2      | Reached XP level 4. HP: 27/49 MP: 4/4
  2125 | D:2      | Found a faded altar of an unknown god.
  2162 | D:2      | Slain by an adder

Illustrated notes

Levels and vault maps discovered:
D:1:      dpeg_arrival_pits, layout_basic
D:2:      layout_basic, hellmonk_ecumenical_altar_crossroads,
          chequers_serial_rivers_small_3

Skill      XL: |  1  2 |
---------------+-------+-----
Dodging        | 3 |  3.2
Fighting       | |  4.8
Axes           | |  3.8
Stealth        | |  0.1

Action                   |  1- 3 |  4- 6 || total
-------------------------+-------+-------++-------
Melee: Hand axe          |    99 |    19 ||   118
  Use: Scroll            |       |     1 ||     1
Armor: Animal skin       |    34 |     9 ||    43
Dodge: Dodged            |    73 |    14 ||    87

Table legend: (Time is in decaauts)
 A = Elapsed time spent in this place.
 B = Non-inter-level travel time spent in this place.
 C = Inter-level travel time spent in this place.
 D = Time resting spent in this place.
 E = Time spent auto-exploring this place.
 F = Levels seen in this place.
 G = Mean time per level.
                   A        B        C        D        E       F      G
               +--------+--------+--------+--------+--------+-----+--------+
         Total |   2188 |   2188 |      0 |    780 |     23 |   2 | 1094.0 |
       Dungeon |   2188 |   2188 |      0 |    780 |     23 |   2 | 1094.0 |
               +--------+--------+--------+--------+--------+-----+--------+

Top non-repeatable levels by time:
     D:2: 1236 daAuts
     D:1: 952 daAuts
